 Dungeon Crawl Stone Soup version 0.30.0-3-ga4e48a9924 (webtiles) character file.

Game seed: 17070229588881206107

275 jtron the Covert (level 6, -1/44 HPs)
             Began as a Gnoll Wanderer on May 7, 2023.
             Was a Priest of Vehumet.
             Slain by a gnoll
             ... wielding a +0 halberd
              (5 damage)
             ... on level 4 of the Dungeon.
             The game lasted 00:08:08 (3937 turns).

jtron the Covert (Gnoll Wanderer)                   Turns: 3937, Time: 00:08:09

Health: -1/44      AC:  2    Str: 14    XL:     6   Next: 25%
Magic:  9/9        EV: 13    Int: 13    God:    Vehumet [***...]
Gold:   147        SH:  0    Dex: 21    Spells: 2/9 levels left

rFire   . . .        a - +0 falchion
rCold   . . .        (no shield)
rNeg    . . .        w - +0 robe {Will+}
rPois   .            (no helmet)
rElec   .            (no cloak)
rCorr   .            (no gloves)
SInv    .            (no boots)
Will    +....        d - amulet of faith
Stlth   +++++        k - +6 ring of dexterity
HPRegen 0.27/turn    s - +6 ring of strength
MPRegen 0.11/turn

%: faith
@: mighty
A: fangs 1, strong nose, distributed training
a: Renounce Religion


You were on level 4 of the Dungeon.
You worshipped Vehumet.
Vehumet was most pleased with you.
You visited 1 branch of the dungeon, and saw 4 of its levels.

You collected 189 gold pieces.
You spent 42 gold pieces at shops.

Inventory:

Hand Weapons
 a - a +0 falchion (weapon)
Missiles
 b - a throwing net
 c - 2 datura-tipped darts
 m - 48 stones (quivered)
 u - 3 poisoned darts
 v - 5 curare-tipped darts
Armour
 w - a +0 robe of willpower (worn)
Jewellery
 d - an amulet of faith (around neck)
 k - a +6 ring of dexterity (left hand)
 s - a +6 ring of strength (right hand)
Wands
 z - a wand of digging (4)
Scrolls
 f - 2 scrolls of fear
 g - a scroll of enchant weapon {unknown}
 h - 5 scrolls of fog
 t - 3 scrolls of teleportation
 x - a scroll of noise
 y - 2 scrolls of magic mapping
 B - a scroll of immolation {unknown}
Potions
 e - 2 potions of attraction
 i - 2 potions of brilliance {unknown}
 j - a potion of lignification {unknown}
 l - a potion of berserk rage {unknown}
 o - 3 potions of mutation
 p - 4 potions of curing
 r - a potion of cancellation {unknown}
 A - a potion of invisibility
 C - a potion of heal wounds {unknown}


   Skills:
 + Level 2.0 Fighting
 + Level 2.0 Short Blades
 + Level 6.8 Long Blades
 + Level 2.0 Axes
 + Level 2.0 Maces & Flails
 + Level 2.0 Polearms
 + Level 2.0 Staves
 + Level 2.0 Ranged Weapons
 + Level 2.0 Throwing
 + Level 3.2 Armour
 + Level 2.0 Dodging
 + Level 9.8 Stealth
 + Level 2.0 Shields
 + Level 2.0 Unarmed Combat
 + Level 2.0 Spellcasting
 + Level 1.5 Conjurations
 + Level 1.5 Hexes
 + Level 1.5 Summonings
 + Level 1.5 Necromancy
 + Level 1.5 Translocations
 + Level 1.5 Transmutations
 + Level 1.5 Fire Magic
 + Level 1.5 Ice Magic
 + Level 1.5 Air Magic
 + Level 1.5 Earth Magic
 + Level 1.5 Poison Magic
 + Level 2.1 Invocations
 + Level 3.2 Evocations


You had 2 spell levels left.
You knew the following spells:

 Your Spells              Type           Power      Damage    Failure   Level
a - Shock                 Conj/Air       20%        1d4       4%          1
b - Mephitic Cloud        Conj/Pois/Air  5%         N/A       11%         3
c - Hailstorm             Conj/Ice       5%         3d4       11%         3

Your spell library contained the following spells:

 Spells                   Type           Power      Damage    Failure   Level
 Frozen Ramparts          Ice            10%        1d2       11%         3
 Poisonous Vapours        Pois/Air       10%        N/A       5%          2
 Ensorcelled Hibernation  Hex/Ice        10%        N/A       21%         2
 Passwall                 Tmut/Erth      4%         N/A       21%         2
 Summon Guardian Golem    Hex/Summ       5%         N/A       38%         3
 Swiftness                Air            5%         N/A       38%         3
 Freezing Cloud           Conj/Ice/Air   2%         6-21      65%         5
 Orb of Destruction       Conj           2%         9d5       100%        7
 Spellforged Servitor     Conj/Summ      2%         N/A       100%        7


Dungeon Overview and Level Annotations

Branches:
Dungeon (4/15)
 Temple: D:4-7

Altars:
Cheibriados
Qazlal
Trog
Vehumet
Xom

Shops:
D:3 ?


Innate Abilities, Weirdness & Mutations

You have very sharp teeth.
Your uncanny sense of smell can sniff out nearby items.
Your experience applies equally to all skills.


Message History

Your Fighting skill increases to level 2!
Your Short Blades skill increases to level 2!
Your Axes skill increases to level 2!
Your Maces & Flails skill increases to level 2!
Your Polearms skill increases to level 2!
Your Staves skill increases to level 2!
Your Ranged Weapons skill increases to level 2!
Your Throwing skill increases to level 2!
Your Dodging skill increases to level 2!
Your Shields skill increases to level 2!
Your Unarmed Combat skill increases to level 2!
Your Spellcasting skill increases to level 2!
You feel very mighty all of a sudden.
The gnoll hits you from afar with a +0 spear.
You are too injured to fight recklessly!
You are too injured to fight recklessly!
You are too injured to fight recklessly!
You are too injured to fight recklessly!
You are too injured to fight recklessly!
You are too injured to fight recklessly!
You are too injured to fight recklessly!
You are too injured to fight recklessly!
You are too injured to fight recklessly!
You are too injured to fight recklessly!
You are too injured to fight recklessly!
You are too injured to fight recklessly!
You are too injured to fight recklessly!
You are too injured to fight recklessly!
You are too injured to fight recklessly!
The gnoll hits you from afar with a +0 halberd!
* * * LOW HITPOINT WARNING * * *
The gnoll hits you with a +0 spear!
* * * LOW HITPOINT WARNING * * *
You see here a +0 club.
You slash the gnoll!
You kill the gnoll!
Vehumet accepts your kill.
You feel your power returning.
The gnoll hits you from afar with a +0 halberd.
You die...

## .. #. #. .r# #.##.
..# #.##† ∆ ..# #.##.
#.# ######.##. #.#
..........
#!.########.######......
....gg)@.......# #......
#.#########.##.# #.....#
#..............# #.....#
#######.....#..# #.....#
#######...#....# ##..#.#
<..............# #..#.#
#.#####.#####..# #..#.#
#............# #..#..
#.##.###..#.#####....<


You could see 2 gnolls.

Vanquished Creatures
  An orc wizard (D:4)
  9 gnolls
  4 adders
  2 worms
  A dart slug (D:3)
  18 orcs
  8 endoplasms
  6 giant cockroaches
  11 goblins
  17 hobgoblins
  2 quokkas (D:1)
  5 ball pythons
  3 bats
  4 frilled lizards
  12 kobolds
  4 rats
107 creatures vanquished.

Notes
Turn   | Place    | Note
-------+----------+-------------------------------------------
     0 | D:1      | Reached skill level 9 in Stealth
     0 | D:1      | jtron the Gnoll Wanderer began the quest for the Orb.
     0 | D:1      | jtron set off with the following items: a +0 dagger, an
                  | atropa-tipped dart, 2 datura-tipped darts, a +0 falchion, a
                  | potion of attraction, a scroll of fear, a +0 robe.
     0 | D:1      | Reached XP level 1. HP: 13/13 MP: 1/1
   270 | D:1      | Reached XP level 2. HP: 12/19 MP: 2/2
   625 | D:1      | Found a faded altar of an unknown god.
   771 | D:1      | Prayed at the altar of an unknown god.
   771 | D:1      | Became a worshipper of Vehumet
   771 | D:1      | Reached * piety under Vehumet
   771 | D:1      | Offered knowledge of Shock by Vehumet.
   775 | D:1      | Learned a level 1 spell: Shock
   856 | D:2      | Reached XP level 3. HP: 25/25 MP: 3/3
   928 | D:2      | Found a stormy altar of Qazlal.
   971 | D:2      | Reached skill level 1 in Invocations
   999 | D:2      | Reached skill level 1 in Fighting
   999 | D:2      | Reached skill level 1 in Short Blades
   999 | D:2      | Reached skill level 1 in Axes
   999 | D:2      | Reached skill level 1 in Maces & Flails
   999 | D:2      | Reached skill level 1 in Polearms
   999 | D:2      | Reached skill level 1 in Staves
   999 | D:2      | Reached skill level 1 in Ranged Weapons
   999 | D:2      | Reached skill level 1 in Throwing
   999 | D:2      | Reached skill level 1 in Dodging
   999 | D:2      | Reached skill level 1 in Shields
   999 | D:2      | Reached skill level 1 in Unarmed Combat
   999 | D:2      | Reached skill level 1 in Spellcasting
  1167 | D:2      | Reached XP level 4. HP: 32/32 MP: 5/5
  1520 | D:3      | Reached skill level 1 in Conjurations
  1520 | D:3      | Reached skill level 1 in Hexes
  1520 | D:3      | Reached skill level 1 in Summonings
  1520 | D:3      | Reached skill level 1 in Necromancy
  1520 | D:3      | Reached skill level 1 in Translocations
  1520 | D:3      | Reached skill level 1 in Transmutations
  1520 | D:3      | Reached skill level 1 in Fire Magic
  1520 | D:3      | Reached skill level 1 in Ice Magic
  1520 | D:3      | Reached skill level 1 in Air Magic
  1520 | D:3      | Reached skill level 1 in Earth Magic
  1520 | D:3      | Reached skill level 1 in Poison Magic
  1779 | D:3      | Offered knowledge of Magic Dart by Vehumet.
  1814 | D:3      | Found a shimmering altar of Xom.
  1859 | D:3      | Reached ** piety under Vehumet
  1899 | D:3      | Found Vualif's Magic Scroll Emporium.
  1902 | D:3      | Bought a scroll of noise for 14 gold pieces
  1902 | D:3      | Bought a scroll of identify for 28 gold pieces
  2238 | D:3      | Reached XP level 5. HP: 30/37 MP: 5/7
  3033 | D:4      | Learned a level 3 spell: Mephitic Cloud
  3163 | D:4      | Offered knowledge of Hailstorm by Vehumet.
  3175 | D:4      | Learned a level 3 spell: Hailstorm
  3316 | D:4      | Reached *** piety under Vehumet
  3497 | D:4      | Reached XP level 6. HP: 40/44 MP: 8/8
  3554 | D:4      | Offered knowledge of Frozen Ramparts by Vehumet.
  3641 | D:4      | Found a snail-covered altar of Cheibriados.
  3647 | D:4      | Found a bloodstained altar of Trog.
  3937 | D:4      | Slain by a gnoll

Illustrated notes

Levels and vault maps discovered:
D:1:      dpeg_arrival_tiny_a, layout_basic,
          shapermc_ecumenical_altar_mp_vishouse
D:2:      layout_basic, basic_altar, serial_bayou_pond_b
D:3:      layout_loops_ring, tgw_xom, serial_shops, nicolae_shop_rolled_up
D:4:      corexii_shantytown, layout_basic, nicolae_overflow_hidden_temple

Skill      XL: |  1  2  3  4  5  6 |
---------------+-------------------+-----
Stealth        | |  9.8
Invocations    | 1 2 |  2.1
Fighting       | 1 2 |  2.0
Short Blades   | 1 2 |  2.0
Axes           | 1 2 |  2.0
Maces & Flails | 1 2 |  2.0
Polearms       | 1 2 |  2.0
Staves         | 1 2 |  2.0
Ranged Weapons | 1 2 |  2.0
Throwing       | 1 2 |  2.0
Dodging        | 1 2 |  2.0
Shields        | 1 2 |  2.0
Unarmed Combat | 1 2 |  2.0
Spellcasting   | 1 2 |  2.0
Conjurations   | 1 |  1.5
Hexes          | 1 |  1.5
Summonings     | 1 |  1.5
Necromancy     | 1 |  1.5
Translocations | 1 |  1.5
Transmutations | 1 |  1.5
Fire Magic     | 1 |  1.5
Ice Magic      | 1 |  1.5
Air Magic      | 1 |  1.5
Earth Magic    | 1 |  1.5
Poison Magic   | 1 |  1.5
Armour         | 3 |  3.2
Evocations     | 3 |  3.2
Long Blades    | |  6.8

Action                     |  1- 3 |  4- 6 || total
---------------------------+-------+-------++-------
  Melee: Falchion          |    63 |   187 ||   250
         Bite              |     3 |    21 ||    24
         Punch             |       |     4 ||     4
  Throw: Dart              |       |     5 ||     5
         Stone             |       |     9 ||     9
    Use: Scroll            |       |     9 ||     9
         Potion            |       |     1 ||     1
   Stab: Sleeping          |    13 |    30 ||    43
         Invisible         |       |     1 ||     1
 Armour: Robe              |    10 |    12 ||    22
  Dodge: Dodged            |    34 |    80 ||   114
